 Dungeon Crawl Stone Soup version 0.25-a0-294-gea9b1ad378 (webtiles) character file.

Game seed: 11779069490350018323, levelgen mode: deterministic

6 Redear the Skirmisher (level 1, -1/18 HPs)
             Began as a Mummy Monk on Dec 19, 2019.
             Slain by a jackal (3 damage)
             ... on level 1 of the Dungeon.
             The game lasted 00:00:42 (375 turns).

Redear the Skirmisher (Mummy Monk)                   Turns: 375, Time: 00:00:43

Health: -1/18      AC:  0    Str: 14    XL:     1   Next: 75%
Magic:  1/1        EV:  8    Int:  9    God:
Gold:   10         SH: 10    Dex: 14    Spells: 0/0 levels left

rFire    x . .     SeeInvis .     - Unarmed
rCold    + . .     Gourm    .   d - +0 large shield
rNeg     + + +     Faith    .   (no armour)
rPois    ∞         Spirit   .   (no helmet)
rElec    .         Reflect  .   (no cloak)
rCorr    .         Harm     .   (no gloves)
MR       .....                  (no boots)
Stlth    ++........             (no amulet)
HPRegen  0.06/turn              (no ring)
MPRegen  0.07/turn              (no ring)

@: no status effects
A: no food or potions, fire vulnerability, cold resistance 1, negative energy
resistance 3, torment resistance, unbreathing
a: no special abilities


You were on level 1 of the Dungeon.
You were not hungry.

You visited 1 branch of the dungeon, and saw 1 of its levels.

You collected 10 gold pieces.

Inventory:

Armour
 d - a +0 large shield (worn)


   Skills:
 + Level 3.1 Fighting
 + Level 2.5 Dodging
 - Level 1.5 Stealth
 + Level 2.5 Unarmed Combat


You couldn't memorise any spells.
You didn't know any spells.
Your spell library was empty.

Dungeon Overview and Level Annotations

Branches:
Dungeon (1/15)

Altars:


Innate Abilities, Weirdness & Mutations

You do not eat or drink.
Your flesh is vulnerable to fire.
You are immune to poison.
Your flesh is cold resistant. (rC+)
You are immune to negative energy. (rN+++)
You are immune to unholy pain and torment.
You can survive without breathing.


Message History

Firing (i - inventory) No suitable missiles.
Press: ? - help, Shift-Dir - straight line, f - jackal
Aim: a jackal
Okay, then.
Unknown command.
As you read the scroll labeled DIPPEDWUNE, it crumbles to dust.
You feel aware of your surroundings.
It was a scroll of magic mapping.
The jackal completely misses you. You block the jackal's attack.
As you read the scroll labeled NUALAZEG VYIFAUJACH, it crumbles to dust.
It is a scroll of amnesia.
You feel forgetful for a moment. The jackal bites you.
* * * LOW HITPOINT WARNING * * *
You take 2 damage, and have 2/18 hp.
Unknown command.
Unknown command.
As you read the scroll labeled QAEVAU LINOSU, it crumbles to dust.
It is a scroll of enchant weapon.
You aren't carrying any weapons that can be enchanted.
The jackal bites you.
You die...

,,,,,,*,*,* *,,,,,,+,,,,,* *,*
,,***,*,*,* *,******,,,,,* *,*
,,,,*,*,*,* *,,,........,* *,*
,,,,*,*,*,*****###......,,* *,*
,,,,,,,,,,,..,,..#.....#*** *,*
,*,**,******.,*#.#.....# *##,*
,*,,,,* *#.*#.#.....# *..,*
,************.,#.#.....# *.#**
,,,,,,,,,,,**#.#@#..)!.# *.#
*******,*#.###.#h#.....####.#####
,,,,,,,,,......wh................
*******,*#.###.#.#.###.###.######
**** *,**,* #...#.# #.# #.# ,,,*
*,**,* ##..#.###.###.###### ,,,*
*,**,***#..#...#...........
,,,****,*........###.#####.#####.
,,,,,**,*..#####.###.#........##.


You could see a dart slug and 2 jackals.

Vanquished Creatures
  A leopard gecko (D:1)
  A goblin (D:1)
  A bat (D:1)
  3 rats (D:1)
6 creatures vanquished.

Notes
Turn   | Place    | Note
-------+----------+-------------------------------------------
     0 | D:1      | Redear the Mummy Monk began the quest for the Orb.
     0 | D:1      | Reached XP level 1. HP: 18/18 MP: 1/1
   375 | D:1      | Slain by a jackal

Levels and vault maps discovered:
D:1:      shiori_arrival_maze, layout_basic

Action                   || total
-------------------------++-------
Melee: Unarmed           ||    18
  Use: Scroll            ||     3
 Stab: Sleeping          ||     4
Dodge: Dodged            ||    10
Block: Large shield      ||     7

Table legend:
 A = Non-vault XP
 B = Vault XP
 C = Vault XP percentage of total XP
 D = Non-vault monster count
 E = Vault monster count
 F = Vault count percentage of total count
                 A         B        C        D         E       F
            +---------+---------+-------+---------+---------+-------
      Total |       8 |       1 |  11.1 |       5 |       1 |  16.7
            +---------+---------+-------+---------+---------+-------
        D:1 |       8 |       1 |  11.1 |       5 |       1 |  16.7
            +---------+---------+-------+---------+---------+-------
